 Dungeon Crawl Stone Soup version 0.29-a0-813-g4a14ea37d6 (webtiles) character file.

Game seed: 5636480861988316071

25270 fernweh the Nimble (level 13, -9/99 HPs)
             Began as a Gnoll Wanderer on June 24, 2022.
             Shot with a bolt by an orc warlord (32 damage)
             ... on level 2 of the Orcish Mines on July 5, 2022.
             The game lasted 02:18:02 (16852 turns).

fernweh the Nimble (Gnoll Wanderer)                Turns: 16852, Time: 02:18:03

Health: -9/99      AC: 12    Str: 16    XL:     13   Next: 18%
Magic:  34/34      EV: 21    Int: 22    God:
Gold:   43         SH:  0    Dex: 20    Spells: 11/29 levels left

rFire   . . .      SeeInvis +   J - +11 quarterstaff "Uloffij" {venom, MP+9 Int+4 Dex+4 SInv}
rCold   . . .      Faith    .   (shield currently unavailable)
rNeg    . . .      Spirit   .   K - +1 robe "Ebiob" {Int+6 Dex-2}
rPois   .          Reflect  .   s - +2 hat {Stlth+}
rElec   .          Harm     .   n - scarf {shadows}
rCorr   .          Rampage  .   m - +2 pair of gloves
Will    +....                   r - +2 pair of boots
Stlth   +++++.....              l - amulet of magic regeneration
HPRegen 0.26/turn               L - ring of willpower
MPRegen 0.64/turn               F - +6 ring of strength

@: brilliant, freezing walls, very slightly contaminated, hasted, invisible
(expiring), very quick
A: fangs 1, strong nose, distributed training
a: no special abilities


You were on level 2 of the Orcish Mines.
You visited 4 branches of the dungeon, and saw 18 of its levels.
You also visited: Sewer.

You collected 1509 gold pieces.
You spent 1466 gold pieces at shops.

Inventory:

Hand Weapons
 e - the +3 broad axe "Xuxudgh" {chaos, rElec Dex+4 SInv}
   (You found it on level 10 of the Dungeon)

   Each time it hits an enemy it has a different, random effect.
   Dex:       It affects your dexterity (+4).
   rElec:     It insulates you from electricity.
   SInv:      It lets you see invisible.
 i - a +1 dagger of protection
 J - the +11 quarterstaff "Uloffij" (weapon) {venom, MP+9 Int+4 Dex+4 SInv}
   (You bought it in a shop on level 7 of the Dungeon)

   It poisons the flesh of those it strikes.
   Int:       It affects your intelligence (+4).
   Dex:       It affects your dexterity (+4).
   MP:        It affects your magic capacity (+9).
   SInv:      It lets you see invisible.
 N - the +5 scythe "Finisher" {speed, eviscerate}
   (You found it on level 7 of the Dungeon)

   Attacks with this weapon are significantly faster.
   It may eviscerate those it strikes, slaying them instantly, with a decreasing
   chance against stronger foes.
Missiles
 b - 5 throwing nets
 c - 3 silver boomerangs
 j - 100 stones
 q - 3 boomerangs of dispersal
 u - 8 poisoned darts
 C - 11 datura-tipped darts
 R - 8 boomerangs (quivered)
Armour
 m - a +2 pair of gloves (worn)
 n - a scarf of shadows (worn)
 r - a +2 pair of boots (worn)
 s - a +2 hat of stealth (worn)
 w - a +2 plate armour of poison resistance
 D - a +0 cloak
 K - the +1 robe "Ebiob" (worn) {Int+6 Dex-2}
   (You bought it in a shop on level 7 of the Dungeon)

   Int:       It affects your intelligence (+6).
   Dex:       It affects your dexterity (-2).
 S - a +0 troll leather armour
Jewellery
 l - an amulet of magic regeneration (around neck)
 E - a ring of resist corrosion
 F - a +6 ring of strength (right hand)
 L - a ring of willpower (left hand)
 O - a ring of protection from fire
 Y - a ring of protection from cold
Wands
 o - a wand of paralysis (3)
 y - a wand of mindburst (1)
 P - a wand of flame (25)
 Q - a wand of roots (7)
 V - a wand of digging (3)
Scrolls
 g - a scroll of enchant weapon {unknown}
 h - 2 scrolls of magic mapping
 I - a scroll of enchant armour
 W - a scroll of torment {unknown}
Potions
 f - 3 potions of flight
 k - 3 potions of heal wounds
 p - 2 potions of brilliance
 t - 2 potions of might
 v - a potion of berserk rage {unknown}
 x - 3 potions of magic
 z - a potion of cancellation {unknown}
 G - 6 potions of curing
 H - a potion of haste
 T - 4 potions of degeneration {unknown}
 U - 7 potions of ambrosia
 X - a potion of resistance {unknown}
Miscellaneous
 B - a phial of floods (inert)


   Skills:
 + Level 8.7 Fighting
 + Level 8.3 Short Blades
 + Level 8.3 Long Blades
 + Level 8.3 Axes
 + Level 8.3 Maces & Flails
 + Level 8.3 Polearms
 + Level 8.3 Staves
 + Level 8.3 Ranged Weapons
 + Level 8.3 Throwing
 + Level 9.5 Armour
 + Level 13.1 Dodging
 + Level 8.3 Stealth
 + Level 8.3 Shields
 + Level 8.3 Unarmed Combat
 + Level 8.8 Spellcasting
 + Level 7.3 Conjurations
 + Level 6.9 Hexes
 + Level 6.9 Summonings
 + Level 6.9 Necromancy
 + Level 6.9 Translocations
 + Level 6.9 Transmutations
 + Level 6.9 Fire Magic
 + Level 6.9 Ice Magic
 + Level 6.9 Air Magic
 + Level 6.9 Earth Magic
 + Level 6.9 Poison Magic
 + Level 9.1 Invocations
 + Level 8.3 Evocations


You had 11 spell levels left.
You knew the following spells:

 Your Spells              Type           Power      Damage    Failure   Level
a - Foxfire               Conj/Fire      100%       2x1d9     1%          1
b - Sandblast             Erth           100%       2d20      1%          1
c - Stone Arrow           Conj/Erth      100%       3d13      1%          3
d - Frozen Ramparts       Ice            100%       1d12      1%          3
e - Passwall              Tmut/Erth      47%        N/A       1%          2
f - Freezing Cloud        Conj/Ice/Air   28%        6-21      11%         5
g - Mephitic Cloud        Conj/Pois/Air  57%        N/A       1%          3

Your spell library contained the following spells:

 Spells                   Type           Power      Damage    Failure   Level
 Freeze                   Ice            100%       1d11      1%          1
 Necrotise                Necr           100%       1d9       1%          1
 Shock                    Conj/Air       100%       1d9       1%          1
 Conjure Flame            Conj/Fire      57%        6-21      1%          3
 Ignite Poison            Fire/Tmut/Pois 57%        N/A       1%          3
 Swiftness                Air            57%        N/A       1%          3
 Vampiric Draining        Necr           57%        2d10      1%          3
 Hailstorm                Conj/Ice       57%        3d12      3%          4
 Airstrike                Air            28%        0-10+     4%          4
 Animate Armour           Summ/Erth      100%       N/A       4%          4
 Ice Form                 Ice/Tmut       57%        N/A       4%          4
 Summon Ice Beast         Ice/Summ       57%        N/A       4%          4
 Agony                    Necr           57%        N/A       11%         5
 Alistair's Intoxication  Tmut/Pois      38%        N/A       11%         5
 Blade Hands              Tmut           28%        N/A       11%         5
 Borgnjor's Vile Clutch   Necr/Erth      28%        N/A       11%         5
 Iron Shot                Conj/Erth      28%        9d6       50%         6
 Eringya's Noxious Bog    Tmut/Pois      28%        N/A       52%         6


Dungeon Overview and Level Annotations

Branches:
Dungeon (12/15)            Temple (1/1) D:6            Lair (3/6) D:10
    Orc (2/2) D:9           Sewer (visited)
  Swamp: Lair:2-4    Shoals: Lair:2-4     Snake: Lair:2-4    Spider: Lair:2-4
    Elf: Orc:2

Altars:
Ashenzari
Cheibriados
Elyvilon
Kikubaaqudgha
Makhleb
Nemelex Xobeh
Trog
Uskayaw
Vehumet
Wu Jian
Zin

Shops:
D:6 *   D:7 [:((*   Orc:2 !


Innate Abilities, Weirdness & Mutations

You have very sharp teeth.
Your uncanny sense of smell can sniff out nearby items.
Your experience applies equally to all skills.


Message History

The orc warlord completely resists.
The wall freezes the orc warlord but does no damage.
Aiming: Mindburst
Press: ? - help, Shift-Dir - straight line, f - orc warlord
Aim: an orc warlord, wielding a +0 long sword of protection and wearing a +2 plate armour of cold resistance (moderately wounded, confused, unable to see you, chance to affect: 61%)
The orc warlord resists with significant effort.
The orc warlord seems less confused.
The wall freezes the ogre!
The orc warrior hits you but does no damage.
The orc priest closely misses the ogre.
Okay, then.
Aiming: Mindburst
Press: ? - help, Shift-Dir - straight line, f/p - orc warlord
Aim: an orc warlord, wielding a +0 long sword of protection and wearing a +2 plate armour of cold resistance (moderately wounded, wandering, unable to see you, hasn't noticed you, chance to affect: 61%)
The orc warlord shouts!
The orc warlord's mind is blasted!!
Aiming: Mindburst
Press: ? - help, Shift-Dir - straight line, f/p - orc warlord
Aim: an orc warlord, wielding a +0 long sword of protection and wearing a +2 plate armour of cold resistance (heavily wounded, wandering, unable to see you, hasn't noticed you, chance to affect: 61%)
The orc warlord resists with significant effort.
The orc priest no longer looks unusually strong.
The wall freezes the ogre.
You kill the ogre!
The orc warrior completely misses you.
Hit: J) +11 quarterstaff "Uloffij" {venom, MP+9 Int+4 Dex+4 SInv}
Press: ? - help, Dir - move target, f - orc warrior, p - orc warlord
Aim: an orc warrior, wielding a +0 hand axe and wearing a +0 plate armour (strong, unable to see you, about 23% to evade the +11 quarterstaff "Uloffij")
Okay, then.
Aiming: Mindburst
Press: ? - help, Shift-Dir - straight line, f/p - orc warlord
Aim: an orc warlord, wielding a +0 long sword of protection and wearing a +2 plate armour of cold resistance (heavily wounded, wandering, unable to see you, hasn't noticed you, chance to affect: 61%)
The orc warlord's mind is blasted!!
The orc priest mumbles some strange prayers to Beogh against you.
Beogh smites you!
The orc warrior hits you with a +0 hand axe!!
* * * LOW HITPOINT WARNING * * *
The wall freezes the orc priest!
The orc warlord unwields a +0 long sword of protection.
The orc warlord wields a +3 arbalest.
The orc warlord shoots a bolt.
The bolt hits you!!
You die...

##.#.#.∩.## #
#.........#
##.#......#...
...#.........#
..............
......).o.....
......)@.)......
......))))......
......o#)o..§...
....#.)#...°§...
..# #...o..§§..o
. ##..$..)§..o
#....<......
#.........#o
.....o..##.#


You could see an orc warlord (unable to see you), an orc warrior (strong, unable
to see you) and 2 orc priests.

Vanquished Creatures
  Gastronok (Orc:1)
  Harold (D:11)
  3 two-headed ogres
  2 orc high priests (Orc:1)
  A skeletal warrior (D:7)
  Lodul (D:10)
  An orc knight (Orc:2)
  A deep elf pyromancer (D:12)
  A cyclops (D:11)
  2 kobold demonologists (D:10)
  A rime drake (Lair:1)
  A komodo dragon (D:11)
  A queen bee (D:9)
  5 trolls
  4 slime creatures (D:12)
  A spriggan (Lair:1)
  A water elemental (D:11)
  4 wyverns (D:10)
  6 wraiths
  21 yaks
  2 vampires (D:11)
  A basilisk (Lair:1)
  4 steam dragons
  3 vampire mosquitoes (D:12)
  3 wargs (Orc:1)
  Menkaure (D:7)
  An acid dragon (D:11)
  7 water moccasins
  15 orc warriors
  2 sky beasts (D:7)
  A black bear (D:5)
  3 ice beasts
  10 ogres
  8 wolves (Lair:2)
  4 centaurs
  2 kobold brigands
  7 bullfrogs
  3 scorpions
  3 gnoll sergeants
  9 wights
  24 killer bees (D:9)
  3 howler monkeys
  2 electric eels (D:11)
  A gnoll bouda (Orc:1)
  A jelly (D:4)
  5 hounds
  17 orc priests
  12 orc wizards
  14 gnolls
  11 adders
  A shadow imp (D:5)
  2 white imps
  A worm (D:3)
  3 dart slugs
  45 orcs
  18 ball pythons
  6 bats
  12 endoplasms
  10 giant cockroaches
  3 goblins
  7 hobgoblins
  5 jackals
  6 quokkas
  17 frilled lizards
  18 kobolds
  7 rats
  2 bushes (D:5)
  9 plants (Lair:1)
410 creatures vanquished.

Vanquished Creatures (collateral kills)
  An ogre (D:10)
1 creature vanquished.

Vanquished Creatures (others)
  2 ogres (D:10)
  An orc priest (Orc:2)
  An iguana (D:6)
  78 foxfires
  10 fungi
  34 plants
126 creatures vanquished.

Grand Total: 537 creatures vanquished

Notes
Turn   | Place    | Note
-------+----------+-------------------------------------------
     0 | D:1      | Reached skill level 10 in Dodging
     0 | D:1      | fernweh the Gnoll Wanderer began the quest for the Orb.
     0 | D:1      | fernweh set off with the following items: a +0 dagger, 3
                  | throwing nets, a scroll of fog, a scroll of teleportation,
                  | a +0 leather armour; and the following spell memorised:
                  | Foxfire; and the following spells available to memorise:
                  | Conjure Flame.
     0 | D:1      | Reached XP level 1. HP: 17/17 MP: 4/4
    22 | D:1      | Learned a level 1 spell: Sandblast
   191 | D:1      | Reached XP level 2. HP: 23/23 MP: 5/5
   661 | D:1      | Found a faded altar of an unknown god.
   764 | D:1      | Reached XP level 3. HP: 15/28 MP: 7/7
  1382 | D:1      | Reached skill level 1 in Invocations
  1745 | D:2      | Reached skill level 1 in Short Blades
  1745 | D:2      | Reached skill level 1 in Long Blades
  1745 | D:2      | Reached skill level 1 in Axes
  1745 | D:2      | Reached skill level 1 in Maces & Flails
  1745 | D:2      | Reached skill level 1 in Polearms
  1745 | D:2      | Reached skill level 1 in Staves
  1745 | D:2      | Reached skill level 1 in Slings
  1745 | D:2      | Reached skill level 1 in Ranged Weapons
  1745 | D:2      | Reached skill level 1 in Crossbows
  1745 | D:2      | Reached skill level 1 in Throwing
  1745 | D:2      | Reached skill level 1 in Stealth
  1745 | D:2      | Reached skill level 1 in Shields
  1745 | D:2      | Reached skill level 1 in Unarmed Combat
  1745 | D:2      | Reached skill level 1 in Evocations
  1976 | D:3      | Found a hide-covered altar of Uskayaw.
  1976 | D:3      | Found an ancient bone altar of Kikubaaqudgha.
  1996 | D:3      | Reached XP level 4. HP: 34/34 MP: 8/8
  2681 | D:4      | Learned a level 3 spell: Stone Arrow
  2867 | D:4      | Reached skill level 1 in Hexes
  2867 | D:4      | Reached skill level 1 in Summonings
  2867 | D:4      | Reached skill level 1 in Necromancy
  2867 | D:4      | Reached skill level 1 in Translocations
  2867 | D:4      | Reached skill level 1 in Transmutations
  2867 | D:4      | Reached skill level 1 in Fire Magic
  2867 | D:4      | Reached skill level 1 in Ice Magic
  2867 | D:4      | Reached skill level 1 in Air Magic
  2867 | D:4      | Reached skill level 1 in Earth Magic
  2867 | D:4      | Reached skill level 1 in Poison Magic
  3032 | D:4      | Reached XP level 5. HP: 40/40 MP: 9/9
  3488 | D:4      | Reached XP level 6. HP: 47/47 MP: 9/11
  3671 | D:4      | Identified the +5 short sword of the Grand God {freeze,
                  | Fragile rPois Int+3}
  3729 | D:5      | Entered Level 5 of the Dungeon
  3812 | D:5      | Reached skill level 5 in Armour
  4028 | D:5      | Noticed an ice beast
  4048 | D:5      | Killed an ice beast
  4049 | D:5      | Reached XP level 7. HP: 47/52 MP: 12/12
  4152 | D:5      | Found a sparkling altar of Nemelex Xobeh.
  4317 | D:5      | Found an ornate altar of the Wu Jian Council.
  5234 | D:6      | Reached XP level 8. HP: 60/60 MP: 14/14
  5257 | D:6      | Found a glowing drain.
  5282 | Sewer    | Entered a sewer
  6091 | D:6      | Found a glowing silver altar of Zin.
  6443 | D:6      | Reached skill level 11 in Dodging
  6470 | D:6      | Found Publulou's General Store.
  6477 | D:6      | Bought a wand of flame (4) for 39 gold pieces
  6867 | D:6      | Found a staircase to the Ecumenical Temple.
  6875 | Temple   | Entered the Ecumenical Temple
  6945 | D:6      | Found a burning altar of Makhleb.
  7044 | D:6      | Upgraded the game from 0.29-a0-676-ga64570c9d2 to
                  | 0.29-a0-721-g7f417c9bbb
  7273 | D:7      | Found Fevape's Antique Armour Shoppe.
  7285 | D:7      | Bought a bloodstained robe for 171 gold pieces
  7285 | D:7      | Identified the +1 robe "Ebiob" {Int+6 Dex-2} (You bought it
                  | in a shop on level 7 of the Dungeon)
  7327 | D:7      | Noticed Menkaure
  7330 | D:7      | Killed Menkaure
  7548 | D:7      | Found Ewexkiz's Weapon Boutique.
  7573 | D:7      | Noticed a wraith
  7772 | D:6      | Upgraded the game from 0.29-a0-721-g7f417c9bbb to
                  | 0.29-a0-813-g4a14ea37d6
  7847 | D:6      | Killed a wraith
  7848 | D:6      | Reached XP level 9. HP: 46/66 MP: 13/16
  8349 | D:7      | Noticed a skeletal warrior
  8349 | D:7      | Found the +5 scythe "Finisher" {speed, eviscerate}
  8480 | D:7      | Found Exis's Assorted Antiques.
  8728 | D:7      | Killed a skeletal warrior
  8729 | D:7      | Reached skill level 5 in Fighting
  8729 | D:7      | Reached skill level 5 in Spellcasting
  8839 | D:7      | Reached skill level 5 in Invocations
  9102 | D:7      | Found Reyzapat's Weapon Emporium.
  9248 | D:7      | Found Offytzor's Book Emporium.
  9298 | D:8      | Reached XP level 10. HP: 75/75 MP: 18/18
  9354 | D:8      | Reached skill level 5 in Short Blades
  9354 | D:8      | Reached skill level 5 in Long Blades
  9354 | D:8      | Reached skill level 5 in Axes
  9354 | D:8      | Reached skill level 5 in Maces & Flails
  9354 | D:8      | Reached skill level 5 in Polearms
  9354 | D:8      | Reached skill level 5 in Staves
  9354 | D:8      | Reached skill level 5 in Ranged Weapons
  9354 | D:8      | Reached skill level 5 in Throwing
  9354 | D:8      | Reached skill level 5 in Stealth
  9354 | D:8      | Reached skill level 5 in Shields
  9354 | D:8      | Reached skill level 5 in Unarmed Combat
  9354 | D:8      | Reached skill level 5 in Evocations
 10341 | D:9      | Found a staircase to the Orcish Mines.
 10358 | D:9      | Reached skill level 5 in Conjurations
 10867 | D:9      | Found a white marble altar of Elyvilon.
 11002 | D:9      | Reached XP level 11. HP: 30/83 MP: 20/20
 11016 | D:9      | Reached skill level 12 in Dodging
 11313 | D:10     | Entered Level 10 of the Dungeon
 11336 | D:9      | Reached skill level 5 in Hexes
 11336 | D:9      | Reached skill level 5 in Summonings
 11336 | D:9      | Reached skill level 5 in Necromancy
 11336 | D:9      | Reached skill level 5 in Translocations
 11336 | D:9      | Reached skill level 5 in Transmutations
 11336 | D:9      | Reached skill level 5 in Fire Magic
 11336 | D:9      | Reached skill level 5 in Ice Magic
 11336 | D:9      | Reached skill level 5 in Air Magic
 11336 | D:9      | Reached skill level 5 in Earth Magic
 11336 | D:9      | Reached skill level 5 in Poison Magic
 11431 | Orc:1    | Entered Level 1 of the Orcish Mines
 11501 | Orc:1    | Noticed Gastronok
 11511 | Orc:1    | Noticed a two-headed ogre
 11534 | D:9      | Killed a two-headed ogre
 11549 | Orc:1    | Killed Gastronok
 11633 | Orc:1    | Noticed an orc high priest
 11652 | Orc:1    | Killed an orc high priest
 11912 | Orc:2    | Entered Level 2 of the Orcish Mines
 11912 | Orc:2    | Found Citat's Distillery.
 11916 | Orc:2    | Noticed an orc knight
 12044 | Orc:2    | Noticed an orc warlord
 12093 | Orc:1    | Noticed an orc high priest
 12106 | Orc:1    | Killed an orc high priest
 12549 | D:10     | Found a staircase to the Lair.
 12570 | D:10     | Reached XP level 12. HP: 79/91 MP: 23/23
 13191 | D:10     | Noticed Lodul
 13202 | D:10     | Killed Lodul
 13269 | D:10     | Found a broken altar of Ashenzari.
 13342 | D:10     | Identified the +3 broad axe "Xuxudgh" {chaos, rElec Dex+4
                  | SInv}
 13476 | D:10     | Learned a level 3 spell: Frozen Ramparts
 13479 | D:10     | Learned a level 2 spell: Passwall
 13527 | D:11     | Noticed Harold
 13583 | D:11     | Noticed a two-headed ogre
 13645 | D:11     | Killed a two-headed ogre
 13992 | D:11     | Killed Harold
 14267 | D:12     | Noticed a two-headed ogre
 14275 | D:12     | Killed a two-headed ogre
 14659 | Lair:1   | Entered Level 1 of the Lair of Beasts
 14759 | Lair:1   | Reached skill level 13 in Dodging
 15099 | Lair:1   | Reached XP level 13. HP: 89/99 MP: 25/25
 16152 | Lair:2   | Learned a level 5 spell: Freezing Cloud
 16637 | D:7      | Bought the +11 quarterstaff "Uloffij" {venom, MP+9 Int+4
                  | Dex+4 SInv} for 1256 gold pieces
 16658 | D:7      | Learned a level 3 spell: Mephitic Cloud
 16852 | Orc:2    | Shot with a bolt by an orc warlord

Illustrated notes

Levels and vault maps discovered:
D:1:      psy_arrival_heroes, layout_rooms,
          hellmonk_ecumenical_altar_defaced_shrine
D:2:      layout_loops_ring, minmay_shallow_snake_nest
D:3:      layout_loops_cross, gammafunk_temple_overflow_statue,
          grunt_decor_resistance
D:4:      layout_basic
D:5:      layout_basic, mainiacjoe_overflow_boulevard,
          nemelex_diamond_rough_becter, lexackson_kobold_supper
D:6:      layout_basic, kennysheep_little_box, zin_academy,
          lemuel_temple_firewalk_a, cheibrodos_sewer_entry_sluice,
          nicolae_sextant, nicolae_stop_n_shop_2
D:7:      layout_basic, serial_shops, nicolae_shop_stone,
          nicolae_shop_advertising_works [nicolae_subvault_shop_adworks], shop,
          kennysheep_mini_moat, nicolae_shop_hallway_plus,
          minmay_guarded_unrand_finisher, uniq_menkaure
D:8:      layout_basic
D:9:      layout_roguey [special_room_bee], mainiacjoe_overflow_alcove_4,
          minmay_orc_entry_temple_small
D:10:     layout_basic, mainiacjoe_overflow_paths, minmay_lair_entry_grove,
          uniq_lodul
D:11:     layout_big_octagon, uniq_harold
D:12:     minmay_shoctagon, layout_basic
Temple:   compressed_dpeg_circular_temple
Lair:1:   layout_roguey, wad_woods_03
Lair:2:   layout_chaotic_city
Lair:3:   layout_gridlike, elwin_shoals_entry_rocks,
          minmay_snake_entry_guardpost_small, serial_bayou_shore_a
Orc:1:    layout_diamond_mine, kennysheep_orc_chapel, uniq_gastronok
Orc:2:    st_orc_open, layout_diamond_mine, serial_shops, nicolae_shop_stone,
          nicolae_volcano_entry_batcave

Skill      XL: |  1  2  3  4  5  6  7  8  9 10 11 12 13 |
---------------+----------------------------------------+-----
Dodging        | 11 12 13 | 13.1
Conjurations   | 2 3 4 5 6 7 |  7.3
Invocations    | 1 2 3 4 5 6 7 8 9 |  9.1
Short Blades   | 1 2 3 4 5 7 8 |  8.3
Long Blades    | 1 2 3 4 5 7 8 |  8.3
Axes           | 1 2 3 4 5 7 8 |  8.3
Maces & Flails | 1 2 3 4 5 7 8 |  8.3
Polearms       | 1 2 3 4 5 7 8 |  8.3
Staves         | 1 2 3 4 5 7 8 |  8.3
Slings         | 1 2 3 |  0.0
Ranged Weapons | 1 2 3 4 5 7 8 |  8.3
Crossbows      | 1 2 3 |  0.0
Throwing       | 1 2 3 4 5 7 8 |  8.3
Stealth        | 1 2 3 4 5 7 8 |  8.3
Shields        | 1 2 3 4 5 7 8 |  8.3
Unarmed Combat | 1 2 3 4 5 7 8 |  8.3
Evocations     | 1 2 3 4 5 7 8 |  8.3
Spellcasting   | 3 4 5 6 7 8 |  8.8
Hexes          | 1 2 3 4 5 6 |  6.9
Summonings     | 1 2 3 4 5 6 |  6.9
Necromancy     | 1 2 3 4 5 6 |  6.9
Translocations | 1 2 3 4 5 6 |  6.9
Transmutations | 1 2 3 4 5 6 |  6.9
Fire Magic     | 1 2 3 4 5 6 |  6.9
Ice Magic      | 1 2 3 4 5 6 |  6.9
Air Magic      | 1 2 3 4 5 6 |  6.9
Earth Magic    | 1 2 3 4 5 6 |  6.9
Poison Magic   | 1 2 3 4 5 6 |  6.9
Fighting       | 3 4 5 6 7 8 |  8.7
Armour         | 5 6 7 8 9 |  9.5

Action                   |  1- 3 |  4- 6 |  7- 9 | 10-12 | 13-15 || total
-------------------------+-------+-------+-------+-------+-------++-------
Melee: Dagger            |   150 |     1 |    94 |       |       ||   245
       Bite              |    11 |    12 |    64 |    47 |    11 ||   145
       Punch             |     4 |     2 |    12 |       |       ||    18
       Short sword       |       |   123 |   219 |       |       ||   342
       Rapier            |       |       |    15 |       |       ||    15
       Spear             |       |       |    59 |       |       ||    59
       Scythe            |       |       |    49 |   576 |    94 ||   719
       Quarterstaff      |       |       |       |       |    18 ||    18
Throw: Throwing net      |     1 |       |     2 |     2 |       ||     5
       Boomerang         |       |     2 |    63 |    77 |     6 ||   148
       Dart              |       |       |     3 |     9 |       ||    12
       Stone             |       |       |     4 |     6 |       ||    10
 Cast: Foxfire           |     3 |     4 |    42 |     4 |       ||    53
       Sandblast         |     1 |     3 |       |       |       ||     4
       Stone Arrow       |       |       |     1 |       |       ||     1
       Freezing Cloud    |       |       |       |       |     1 ||     1
       Mephitic Cloud    |       |       |       |       |     1 ||     1
       Frozen Ramparts   |       |       |       |       |     1 ||     1
Evoke: Wand              |       |     2 |    12 |    41 |    10 ||    65
       Phial of floods   |       |       |       |       |     1 ||     1
  Use: Scroll            |     2 |       |    14 |     8 |     1 ||    25
       Potion            |       |     1 |     1 |     4 |     3 ||     9
 Stab: Invisible         |       |     2 |     3 |       |     5 ||    10
       Paralysed         |       |     3 |     3 |       |       ||     6
       Sleeping          |       |     1 |     4 |    11 |     3 ||    19
       Distracted        |       |       |     1 |       |       ||     1
Armor: Leather armour    |    47 |    31 |    96 |       |       ||   174
       Troll leather arm |       |       |       |   168 |    16 ||   184
       Plate armour      |       |       |       |    50 |       ||    50
       Robe              |       |       |       |       |     3 ||     3
Dodge: Dodged            |   169 |    89 |   312 |   566 |    88 ||  1224

Table legend: (Time is in decaauts)
 A = Elapsed time spent in this place.
 B = Non-inter-level travel time spent in this place.
 C = Inter-level travel time spent in this place.
 D = Time resting spent in this place.
 E = Time spent auto-exploring this place.
 F = Levels seen in this place.
 G = Mean time per level.
                   A        B        C        D        E       F      G
               +--------+--------+--------+--------+--------+-----+--------+
         Total |  17075 |  16375 |    700 |   2958 |   7921 |  19 |  898.7 |
       Dungeon |  13394 |  12752 |    642 |   2350 |   6358 |  12 | 1116.2 |
        Temple |      4 |      4 |      0 |      0 |      0 |   1 |    4.0 |
          Lair |   1923 |   1867 |     56 |    100 |   1351 |   3 |  641.0 |
  Orcish Mines |    959 |    958 |      1 |     78 |    212 |   2 |  479.5 |
         Sewer |    793 |    793 |      0 |    430 |      0 |   1 |  793.0 |
               +--------+--------+--------+--------+--------+-----+--------+

Top non-repeatable levels by time:
     D:6: 2006 daAuts
     D:7: 1599 daAuts
     D:9: 1421 daAuts
     D:5: 1391 daAuts
  Lair:1: 1205 daAuts
     D:1: 1099 daAuts
    D:10: 1098 daAuts
     D:4: 1078 daAuts
     D:8: 979 daAuts
   Orc:1: 926 daAuts
     D:2: 857 daAuts
    D:11: 826 daAuts
   Sewer: 793 daAuts
  Lair:2: 701 daAuts
     D:3: 697 daAuts
